 Dungeon Crawl Stone Soup version 0.30.0 (webtiles) character file.

Game seed: 3942539624849516015

4316 Silvore the Carver (level 10, 0/88 HPs)
             Began as a Minotaur Fighter on May 6, 2023.
             Was an Elder of Okawaru.
             Slain by a bullfrog (3 damage)
             ... on level 8 of the Dungeon.
             The game lasted 00:11:30 (7008 turns).

Silvore the Carver (Minotaur Fighter)               Turns: 7008, Time: 00:11:30

Health: 0/88       AC: 19    Str: 29    XL:     10   Next: 11%
Magic:  9/9        EV: 10    Int: 11    God:    Okawaru [****..]
Gold:   134        SH:  0    Dex:  9    Spells: 9/9 levels left

rFire   . . .        u - +7 great sword of Kuxt {heavy, Str+3}
rCold   . . .        (shield currently unavailable)
rNeg    + . .        g - +5 chain mail of Zuzuisch {rN+}
rPois   .            (helmet restricted)
rElec   .            (no cloak)
rCorr   .            m - +2 pair of gloves {hurl}
SInv    .            (no boots)
Will    .....        (no amulet) Stlth
                     j - ring of wizardry
HPRegen 0.34/turn    q - +6 ring of intelligence
MPRegen 0.11/turn

%: wizardry (x1)
@: hasted, very quick
A: horns 2, retaliatory headbutt
a: Renounce Religion, Heroism, Finesse


You were on level 8 of the Dungeon.
You worshipped Okawaru.
Okawaru was greatly pleased with you.
You visited 2 branches of the dungeon, and saw 9 of its levels.

You collected 372 gold pieces.
You spent 238 gold pieces at shops.

Inventory:

Hand Weapons
 a - a +1 vampiric long sword
 u - the +7 great sword of Kuxt (weapon) {heavy, Str+3}
   (You acquired it on level 5 of the Dungeon)

   Str:       It affects your strength (+3).
Missiles
 x - 4 throwing nets (quivered)
Armour
 b - a +0 scale mail
 c - a +0 buckler
 f - a scarf of shadows
 g - the +5 chain mail of Zuzuisch (worn) {rN+}
   (You found it on level 2 of the Dungeon)

   rN:        It protects you from negative energy.
 m - a +2 pair of gloves of hurling (worn)
Jewellery
 j - a ring of wizardry (left hand)
 q - a +6 ring of intelligence (right hand)
 D - a ring of ice
Wands
 h - a wand of flame (1)
 i - a wand of paralysis (12)
 v - a wand of light (6)
 B - a wand of digging (7)
Scrolls
 s - a scroll of amnesia
 t - 2 scrolls of enchant armour
 y - a scroll of magic mapping
 z - a scroll of blinking
 A - a scroll of identify
 C - a scroll of enchant weapon
 E - a scroll of fog
Potions
 d - a potion of might
 e - 2 potions of degeneration
 k - 2 potions of attraction
 l - 2 potions of resistance
 n - a potion of invisibility {unknown}
 o - 2 potions of flight {unknown}
 p - a potion of mutation {unknown}
 r - 2 potions of curing
 w - 2 potions of haste
 F - a potion of cancellation {unknown}


   Skills:
 + Level 8.1 Fighting
 + Level 12.3 Long Blades
 + Level 9.2 Armour
 + Level 3.7 Dodging
 + Level 1.1 Stealth
 + Level 5.6 Shields


You had 9 spell levels left.
You didn't know any spells.
Your spell library contained the following spells:

 Spells                   Type           Power      Damage    Failure   Level
 Shock                    Conj/Air       0%         1d3       43%         1
 Lesser Beckoning         Tloc           0%         N/A       56%         2
 Gell's Gravitas          Tloc           0%         N/A       78%         3
 Ignite Poison            Fire/Tmut/Pois 0%         N/A       78%         3
 Swiftness                Air            0%         N/A       78%         3
 Teleport Other           Tloc           0%         N/A       78%         3
 Airstrike                Air            0%         2d(0-16)  99%         4
 Anguish                  Hex/Necr       0%         N/A       99%         4
 Sticky Flame             Conj/Fire      0%         2d3       99%         4
 Enfeeble                 Hex            0%         N/A       100%        7
 Ignition                 Fire           0%         3d3       100%        8


Dungeon Overview and Level Annotations

Branches:
Dungeon (8/15)             Temple (1/1) D:4            Lair (0/5) D:8

Altars:
Ashenzari
Cheibriados
Dithmenos
Fedhas
Okawaru
Sif Muna
Trog
Wu Jian

Shops:
D:2 (   D:7 ?


Innate Abilities, Weirdness & Mutations

You have a pair of horns on your head.
You reflexively headbutt those who attack you in melee.


Message History

The bullfrog hits you but does no damage.
The electric eel shoots out a bolt of lightning at you!
The bolt of electricity hits you!
A bullfrog and 2 electric eels come into view.
Found a staircase to the Lair.
The bullfrog gives a loud, deep croak!
The bullfrog snags a nearby spider with its tongue.
A wolf comes into view.
The bullfrog hits you but does no damage.
The electric eel shoots out a bolt of lightning at you!
The bolt of electricity hits you but does no damage.
The bolt of electricity hits you!
The wolf howls!
You slash the electric eel!
The electric eel is heavily wounded.
The bullfrog closely misses you. The bullfrog hits you.
The electric eel shoots out a bolt of lightning at you!
The bolt of electricity hits you!
The bolt of electricity hits you but does no damage.
The electric eel shoots out a bolt of lightning at you!
The bolt of electricity misses you.
The electric eel shoots out a bolt of lightning at you!
The bolt of electricity hits you!
* * * LOW HITPOINT WARNING * * *
The bullfrog hits you but does no damage.
You feel yourself speed up.
The bullfrog hits you but does no damage.
The bullfrog hits you.
* * * LOW HITPOINT WARNING * * *
The electric eel shoots out a bolt of lightning at you!
The bolt of electricity hits you.
* * * LOW HITPOINT WARNING * * *
The bolt of electricity hits you!
* * * LOW HITPOINT WARNING * * *
A wolf comes into view.
The bullfrog hits you.
* * * LOW HITPOINT WARNING * * *
The bullfrog hits you but does no damage.
The bullfrog attacks as you move away! The bullfrog hits you.
You die...

#( #.........#... #..
#...........# #..
##..........##
####..###.........###
...................# ##
###....##.........# #.
#######.##/...........###.
≈≈≈≈......................
≈≈≈~....F@.##.........###.
≈≈≈≈~..~F..##....>...#####
≈≈≈≈≈≈~.(.###.#......#..#.
≈≈≈h≈≈S...# #.####...#....
~~hh≈≈~...... #..#.#._..
.!~≈≈≈)~~.##.# #.##.#....
>..≈S~~...# # #. #.#..#.
..~~S.~~..# ## #†
h..~≈~....# #.


You could see a wolf, 2 bullfrogs, 2 hounds and 3 electric eels.

Vanquished Creatures
  A kobold demonologist (D:8)
  Sigmund (D:3)
  3 slime creatures (D:6)
  A steam dragon (D:6)
  Menkaure (D:5)
  A water moccasin (D:6)
  An ice beast (D:5)
  Duvessa (D:6)
  2 black bears
  3 ogres
  A wolf (D:6)
  A centaur (D:7)
  A phantom (D:5)
  2 kobold brigands
  A bullfrog (D:7)
  3 gnoll sergeants
  A scorpion (D:7)
  8 wights (D:7)
  Dowan (D:6)
  4 killer bees (D:8)
  A howler monkey (D:6)
  4 hounds
  4 gnoll boudas
  Crazy Yiuf (D:3)
  3 orc priests
  5 jellies
  3 iguanas
  A sleepcap (D:4)
  Ijyb (D:3)
  2 orc wizards
  Robin (D:4)
  4 adders
  20 gnolls
  A shadow imp (D:6)
  A white imp (D:6)
  2 ufetubi (D:5)
  A worm (D:2)
  5 dart slugs
  16 orcs
  11 endoplasms
  5 giant cockroaches
  18 goblins
  4 hobgoblins
  10 jackals
  21 kobolds
  6 quokkas
  10 ball pythons
  3 bats
  3 rats
205 creatures vanquished.

Vanquished Creatures (others)
  4 fungi (D:6)
  10 toadstools (D:6)
14 creatures vanquished.

Grand Total: 219 creatures vanquished

Notes
Turn   | Place    | Note
-------+----------+-------------------------------------------
     0 | D:1      | Silvore the Minotaur Fighter began the quest for the Orb.
     0 | D:1      | Reached XP level 1. HP: 19/19 MP: 0/0
   135 | D:1      | Reached XP level 2. HP: 25/27 MP: 1/1
   981 | D:2      | Reached XP level 3. HP: 33/33 MP: 2/2
  1165 | D:2      | Identified the +5 chain mail of Zuzuisch {rN+}
  1194 | D:2      | Found Ceun's Weapon Shoppe.
  1525 | D:2      | Reached skill level 3 in Long Blades
  1822 | D:3      | Noticed Ijyb
  1843 | D:3      | Killed Ijyb
  1844 | D:3      | Reached XP level 4. HP: 35/40 MP: 3/3
  1890 | D:3      | Noticed Sigmund
  1909 | D:4      | Found a staircase to the Ecumenical Temple.
  1917 | Temple   | Entered the Ecumenical Temple
  2010 | Temple   | Became a worshipper of Warmaster Okawaru
  2078 | Temple   | Reached skill level 4 in Long Blades
  2087 | D:4      | Reached skill level 5 in Armour
  2087 | D:4      | Reached XP level 5. HP: 22/47 MP: 4/4
  2241 | D:4      | Noticed a black bear
  2257 | D:4      | Killed a black bear
  2257 | D:4      | Reached * piety under Okawaru
  2258 | D:4      | Reached skill level 5 in Long Blades
  2258 | D:4      | Reached skill level 1 in Dodging
  2258 | D:4      | Reached XP level 6. HP: 14/53 MP: 5/5
  2458 | D:4      | Noticed Robin
  2542 | D:4      | Killed Robin
  2641 | D:4      | Found a blossoming altar of Fedhas.
  3368 | D:3      | Killed Sigmund
  3369 | D:3      | Reached skill level 5 in Fighting
  3369 | D:3      | Reached skill level 6 in Long Blades
  3369 | D:3      | Reached skill level 5 in Shields
  3369 | D:3      | Reached XP level 7. HP: 54/61 MP: 6/6
  3488 | D:3      | Found a runed translucent door.
  3489 | D:3      | Noticed Crazy Yiuf
  3536 | D:3      | Killed Crazy Yiuf
  3966 | D:5      | Entered Level 5 of the Dungeon
  3999 | D:5      | Noticed Menkaure
  4011 | D:5      | Killed Menkaure
  4012 | D:5      | Reached skill level 7 in Long Blades
  4107 | D:5      | Reached ** piety under Okawaru
  4212 | D:5      | Reached skill level 8 in Long Blades
  4212 | D:5      | Reached XP level 8. HP: 67/69 MP: 7/7
  4339 | D:5      | Identified a scroll of acquirement
  4339 | D:5      | Acquired the +7 great sword of Kuxt {heavy, Str+3}
  4856 | D:6      | Noticed Duvessa
  4856 | D:6      | Found a snail-covered altar of Cheibriados.
  4863 | D:6      | Killed Duvessa
  4866 | D:6      | Noticed Dowan
  4871 | D:6      | Killed Dowan
  4918 | D:6      | Found a broken altar of Ashenzari.
  4965 | D:6      | Reached skill level 9 in Long Blades
  5330 | D:6      | Noticed a slime creature
  5331 | D:6      | Noticed a slime creature
  5331 | D:6      | Noticed a slime creature
  5349 | D:6      | Killed a slime creature
  5351 | D:6      | Killed a slime creature
  5351 | D:6      | Reached *** piety under Okawaru
  5352 | D:6      | Reached skill level 10 in Long Blades
  5352 | D:6      | Reached XP level 9. HP: 76/78 MP: 8/8
  5357 | D:6      | Reached skill level 1 in Stealth
  5458 | D:6      | Reached skill level 11 in Long Blades
  6055 | D:7      | Reached **** piety under Okawaru
  6255 | D:7      | Found Lipymp's Magic Scroll Shop.
  6383 | D:7      | Bought a scroll of enchant armour for 105 gold pieces
  6383 | D:7      | Bought a scroll of identify for 28 gold pieces
  6383 | D:7      | Bought a scroll of magic mapping for 105 gold pieces
  6519 | D:7      | Reached skill level 12 in Long Blades
  6646 | D:7      | Reached XP level 10. HP: 68/85 MP: 9/9
  6939 | D:8      | Found an ornate altar of the Wu Jian Council.
  6986 | D:8      | Noticed a rust devil
  7003 | D:8      | Found a staircase to the Lair.
  7006 | D:8      | HP: 3/88 [bullfrog (5)]
  7008 | D:8      | Slain by a bullfrog

Illustrated notes

Levels and vault maps discovered:
D:1:      elethiomel_arrival_infinity_welcomes_careful_drivers,
          layout_loops_cross, serial_rivers, chequers_serial_rivers_room_a,
          chequers_serial_rivers_micro_d, chequers_serial_rivers_small_a,
          chequers_serial_rivers_micro_e, chequers_serial_rivers_micro_c,
          minmay_shallow_snake_nest
D:2:      layout_basic, serial_shops, nicolae_shop_bloodbath_and_beyond,
          nrook_mini_vaults, nicolae_underground_beach
D:3:      layout_basic, uniq_ijyb, uniq_crazy_yiuf_cottage, uniq_sigmund
D:4:      layout_basic, fedhas_altar_1, minmay_temple_entry_crystal_x,
          uniq_robin
D:5:      layout_loops_ring, uniq_menkaure
D:6:      cheibrodos_fertilizer, layout_cave_pools,
          mainiacjoe_overflow_24_doors, cheibriados_altar_1, serial_gnoll_camp,
          gnoll_camp_mini_basic, gnoll_camp_medium_02, gnoll_camp_mini_hut,
          gnoll_camp_mini_hut, gnoll_camp_mini_hut, gup_sewer_entry_spiral,
          chequers_serial_rivers_large_b, uniq_duvessa
D:7:      layout_basic, serial_shops, shop
D:8:      layout_rooms, mainiacjoe_overflow_alcove_1, erik_lair_island,
          uniq_joseph, uniq_grum
Temple:   nicolae_temple_bog_church

Skill      XL: |  1  2  3  4  5  6  7  8  9 10 |
---------------+-------------------------------+-----
Fighting       | 4 5 6 7 8 |  8.1
Armour         | 4 5 6 7 9 |  9.2
Shields        | 4 5 |  5.6
Long Blades    | 3 4 5 6 8 10 12 | 12.3
Dodging        | 1 2 3 |  3.7
Stealth        | 1 |  1.1

Action                     |  1- 3 |  4- 6 |  7- 9 | 10-12 || total
---------------------------+-------+-------+-------+-------++-------
  Melee: Long sword        |   100 |   151 |    95 |       ||   346
         Headbutt          |     9 |    25 |    45 |     2 ||    81
         Great sword       |       |       |   159 |    14 ||   173
 Invoke: Heroism           |       |       |       |     1 ||     1
    Use: Scroll            |     4 |     7 |     9 |       ||    20
         Potion            |       |     1 |     4 |     1 ||     6
 Armour: Scale mail        |    41 |       |       |       ||    41
         Chain mail        |    20 |   145 |   308 |    30 ||   503
  Dodge: Dodged            |    46 |    76 |   237 |    16 ||   375
  Block: Buckler           |    18 |    44 |    18 |       ||    80
